 Dungeon Crawl Stone Soup version 0.30-a0-358-g0d69a1922f (webtiles) character file.

Game seed: 15179938846109301864

105233 nago the Spear-Bearer (level 16, -28/119 (127) HPs)
             Began as a Gnoll Reaver on Nov 9, 2022.
             Was an Initiate of Gozag.
             Blown up by an orb spider (49 damage)
             ... with an orb of destruction
             ... on level 1 of the Spider Nest on Nov 10, 2022.
             The game lasted 01:03:38 (45510 turns).

nago the Spear-Bearer (Gnoll Reaver)               Turns: 45510, Time: 01:03:39

HP:   -28/119 (127) AC: 18    Str: 18    XL:     16   Next: 40%
MP:   23/32         EV: 20    Int: 24    God:    Gozag
Gold: 997           SH:  6    Dex: 11    Spells: 11/39 levels left

rFire   + + .      SeeInvis .    a - staff of earth {!a}
rCold   + . .      Faith    .    e - +0 buckler
rNeg    . . .      Spirit   .    Y - +2 robe {Archmagi}
rPois   +          Reflect  .    d - +2 helmet
rElec   .          Harm     .    q - +1 cloak of Starlight {*Dazzle EV+4 Stlth--}
rCorr   +          Rampage  .    L - +2 pair of gloves {rF+}
Will    +....      Archmagi +    l - +2 pair of boots {Fly}
Stlth   +++.......               v - amulet "Xoiserr" {Acrobat rCorr Slay+4}
HPRegen 0.39/turn                g - ring "Siakik" {*Corrode rF+ rC+ Str+6 Int+4, =R}
MPRegen 0.23/turn                p - ring of poison resistance

@: gold aura, flying, slightly contaminated, drained
A: fangs 1, strong nose, distributed training
a: Renounce Religion, Potion Petition, Call Merchant, Bribe Branch


You were on level 1 of the Spider Nest.
You worshipped Gozag.
Gozag was pleased with you.
You visited 5 branches of the dungeon, and saw 24 of its levels.
You visited the Abyss 1 time.
You also visited: Bailey, Gauntlet, Ice Cave and Volcano.

You collected 8181 gold pieces.
You spent 3168 gold pieces at shops.
You paid 4016 gold pieces to Gozag.


Innate Abilities, Weirdness & Mutations

You have very sharp teeth.
Your uncanny sense of smell can sniff out nearby items.
Your experience applies equally to all skills.


   Skills:
 + Level 12.1 Fighting
 + Level 11.2 Short Blades
 + Level 11.2 Long Blades
 + Level 11.2 Axes
 + Level 11.2 Maces & Flails
 + Level 12.9 Polearms
 + Level 11.2 Staves
 + Level 11.2 Ranged Weapons
 + Level 11.2 Throwing
 + Level 11.2 Armour
 + Level 12.1 Dodging
 + Level 11.2 Stealth
 + Level 11.2 Shields
 + Level 11.2 Unarmed Combat
 + Level 12.3 Spellcasting
 + Level 10.9 Conjurations
 + Level 9.5 Hexes
 + Level 9.5 Summonings
 + Level 9.5 Necromancy
 + Level 9.5 Translocations
 + Level 9.5 Transmutations
 + Level 9.5 Fire Magic
 + Level 9.5 Ice Magic
 + Level 9.5 Air Magic
 + Level 9.5 Earth Magic
 + Level 9.5 Poison Magic
 + Level 12.2 Invocations
 + Level 11.2 Evocations


You had 11 spell levels left.
You knew the following spells:

 Your Spells              Type           Power      Damage    Failure   Level
a - Passwall              Tmut/Erth      78%        N/A       1%          2
c - Lee's Rapid Deconstr  Erth           47%        3d22*     2%          5
l - Call Canine Familiar  Summ           74%        N/A       1%          3
x - Iron Shot             Conj/Erth      48%        9d9       12%         6
z - Fireball              Conj/Fire      38%        3d16      1%          5
B - Blink                 Tloc           100%       N/A       1%          2
X - Irradiate             Conj/Tmut      38%        3d24      1%          5

Your spell library contained the following spells:

 Spells                   Type           Power      Damage    Failure   Level
 Freeze                   Ice            100%       1d10      1%          1
 Kiss of Death            Conj/Necr      100%       2d13      1%          1
 Slow                     Hex            100%       N/A       1%          1
 Summon Small Mammal      Summ           100%       N/A       1%          1
 Cigotuvi's Dreadful Rot  Necr/Pois/Air  100%       N/A       1%          2
 Momentum Strike          Conj/Tloc      100%       3d10      1%          2
 Sublimation of Blood     Necr           74%        N/A       1%          2
 Wereblood                Tmut           74%        N/A       1%          2
 Confusing Touch          Hex            74%        N/A       1%          3
 Hailstorm                Conj/Ice       77%        3d16      1%          3
 Inner Flame              Hex/Fire       74%        N/A       1%          3
 Lesser Beckoning         Tloc           100%       N/A       1%          3
 Summon Guardian Golem    Hex/Summ       74%        N/A       1%          3
 Vampiric Draining        Necr           74%        2d11      1%          3
 Animate Armour           Summ/Erth      100%       N/A       1%          4
 Cause Fear               Hex            37%        N/A       1%          4
 Leda's Liquefaction      Hex/Erth       47%        N/A       1%          4
 Blade Hands              Tmut           37%        N/A       2%          5
 Freezing Cloud           Conj/Ice/Air   38%        6-21      2%          5
 Metabolic Englaciation   Hex/Ice        37%        N/A       2%          5
 Summon Mana Viper        Hex/Summ       74%        N/A       2%          5
 Statue Form              Tmut/Erth      62%        N/A       16%         6
 Dragon Form              Tmut           37%        N/A       63%         7
 Summon Hydra             Summ           37%        N/A       63%         7
 Lehudib's Crystal Spear  Conj/Erth      48%        10d12     99%         8
 Ignition                 Fire           37%        3d11      100%        8
 Maxwell's Capacitive Co  Air            37%        ∞         100%        8
 Dragon's Call            Summ           37%        N/A       100%        9
 Fire Storm               Conj/Fire      38%        8d10      100%        9

Inventory:

Hand Weapons
 b - a +2 demon blade of freezing
Missiles
 j - 2 throwing nets {=f}
Armour
 d - a +2 helmet (worn)
 e - a +0 buckler (worn)
 l - a +2 pair of boots of flying (worn)
 q - the +1 cloak of Starlight (worn) {*Dazzle EV+4 Stlth--}
   (You found it in a Gauntlet)

   It may blind those who miss an attack against the wearer in melee combat.
   EV:        It affects your evasion (+4).
   Stlth:     It makes you much less stealthy.
 L - a +2 pair of gloves of fire resistance (worn)
 Y - a +2 robe of the Archmagi (worn)
Magical Staves
 a - a staff of earth (weapon) {!a}
 G - a staff of fire {!a}
Jewellery
 g - the ring "Siakik" (left hand) {*Corrode rF+ rC+ Str+6 Int+4, =R}
   (You bought it in a shop on level 2 of the Orcish Mines)

   [ring of strength]

   Str:       It affects your strength (+6).
   Int:       It affects your intelligence (+4).
   rF:        It protects you from fire.
   rC:        It protects you from cold.
   *Corrode:  It may corrode you when you take damage.
 k - a ring of positive energy
 p - a ring of poison resistance (right hand)
 v - the amulet "Xoiserr" (around neck) {Acrobat rCorr Slay+4}
   (You bought it in a shop on level 1 of the Lair of Beasts)

   [amulet of the acrobat]

   It increases your evasion while moving and waiting.
   Slay:      It affects your accuracy & damage with ranged weapons and melee
   (+4).
   rCorr:     It protects you from acid and corrosion.
Wands
 t - a wand of mindburst (8)
 y - a wand of acid (15)
 A - a wand of charming (12)
 C - a wand of roots (2)
 J - a wand of polymorph (12)
 K - a wand of digging (3)
Scrolls
 f - 3 scrolls of fog
 i - 2 scrolls of identify {@r1}
 r - a scroll of poison
 s - a scroll of immolation
 z - 2 scrolls of silence {!r}
 B - 2 scrolls of blinking
 F - 3 scrolls of fear
 M - 2 scrolls of magic mapping
 T - 5 scrolls of teleportation {@r4}
Potions
 c - 8 potions of curing {@q1}
 h - 5 potions of heal wounds {@q2}
 m - 3 potions of lignification
 n - 3 potions of attraction
 u - 2 potions of might
 x - 6 potions of mutation
 E - 4 potions of brilliance
 H - 4 potions of haste {@q3}
 I - 2 potions of berserk rage {!q}
 Q - a potion of cancellation
 W - a potion of ambrosia
 Z - 2 potions of magic
Miscellaneous
 P - a phial of floods
 S - a condenser vane

Dungeon Overview and Level Annotations

Branches:
Dungeon (15/15)            Temple (1/1) D:4            Lair (5/5) D:10
 Shoals (0/4) Lair:2       Spider (1/4) Lair:2        Slime (0/5) Lair:4
    Orc (2/2) D:10            Elf (0/3) Orc:2        Vaults (0/5) D:14
 Depths (0/4) D:15         Bailey (visited)           IceCv (visited)
Volcano (visited)         Gauntlet (visited)

Altars:
Ashenzari
Cheibriados
Dithmenos
Elyvilon
Fedhas
Gozag
Hepliaklqana
Kikubaaqudgha
Makhleb
Nemelex Xobeh
Okawaru
Qazlal
Ru
Sif Muna
Trog
Uskayaw
Vehumet
Wu Jian
Xom
Yredelemnul
Zin
The Shining One
Jiyva

Shops:
D:7 *   D:15 (   Orc:2 ([*=   Lair:1 :=[=

Annotations:
D:12 3 runed translucent doors
D:15 3 runed translucent doors, Chingon's ghost, journeyman MiBe
Lair:4 1 runed translucent door

#####.# #....## ##.### ####.^#
#..#(## #....## #.....##
##......### #.$$@.....#
##.○####### ### #$☼##
.#######.###.°.#
.......##.##.s.####
........#.°#s.....## ###
.....○.^.s○.$......### ##..
.........###.........### ###...
!.......s.##...........###.....


You could see an orb spider (soul bound) and a redback (unaware).


Message History

You kill the wolf spider!
The pharaoh ant is blasted with magical radiation!!
You destroy the pharaoh ant!
The pharaoh ant binds the souls of nearby monsters.
You are very lightly contaminated with residual magic.
The jumping spider's many legs skitter faintly.
The jumping spider pounces on you.
* * * LOW HITPOINT WARNING * * *
The jumping spider bites you but does no damage.
A redback comes into view.
The jumping spider completely misses you.
The jumping spider bites you but does no damage.
The jumping spider pounces on you but does no damage.
The jumping spider misses you.
Casting: Irradiate (dangerous; 1% risk of failure)
Confirm with . or Enter, or press ? or * to list all spells.
You feel a surge of power!
You erupt in a fountain of uncontrolled magic!
The jumping spider is blasted with magical radiation!!!
You kill the jumping spider!
The jumping spider is blasted with magical radiation!!
You kill the jumping spider!
You are lightly contaminated with residual magic.
The orb spider weaves a glowing orb of energy.
An orb of destruction comes into view.
Unknown command.
The redback is distracted by your dazzling golden aura.
There is a stone staircase leading down here.
The orb of destruction hits you!!!
You die...

Skill      XL: |  1  2  3  4  5  6  7  8  9 10 11 12 13 14 15 16 |
---------------+-------------------------------------------------+-----
Spellcasting   | 5 6 7 8 9 10 11 12 | 12.3
Invocations    | 1 2 3 4 5 6 7 8 9 11 12 | 12.2
Short Blades   | 1 2 3 5 6 7 8 9 10 11 | 11.2
Long Blades    | 1 2 3 5 6 7 8 9 10 11 | 11.2
Axes           | 1 2 3 5 6 7 8 9 10 11 | 11.2
Maces & Flails | 1 2 3 5 6 7 8 9 10 11 | 11.2
Staves         | 1 2 3 5 6 7 8 9 10 11 | 11.2
Ranged Weapons | 1 2 3 5 6 7 8 9 10 11 | 11.2
Throwing       | 1 2 3 5 6 7 8 9 10 11 | 11.2
Armour         | 1 2 3 5 6 7 8 9 10 11 | 11.2
Stealth        | 1 2 3 5 6 7 8 9 10 11 | 11.2
Shields        | 1 2 3 5 6 7 8 9 10 11 | 11.2
Unarmed Combat | 1 2 3 5 6 7 8 9 10 11 | 11.2
Evocations     | 1 2 3 5 6 7 8 9 10 11 | 11.2
Hexes          | 1 2 3 4 5 6 7 8 9 |  9.5
Summonings     | 1 2 3 4 5 6 7 8 9 |  9.5
Necromancy     | 1 2 3 4 5 6 7 8 9 |  9.5
Translocations | 1 2 3 4 5 6 7 8 9 |  9.5
Transmutations | 1 2 3 4 5 6 7 8 9 |  9.5
Fire Magic     | 1 2 3 4 5 6 7 8 9 |  9.5
Ice Magic      | 1 2 3 4 5 6 7 8 9 |  9.5
Air Magic      | 1 2 3 4 5 6 7 8 9 |  9.5
Earth Magic    | 1 2 3 4 5 6 7 8 9 |  9.5
Poison Magic   | 1 2 3 4 5 6 7 8 9 |  9.5
Fighting       | 5 6 7 8 9 10 11 12 | 12.1
Dodging        | 5 6 7 8 9 10 11 12 | 12.1
Polearms       | 7 8 9 10 11 12 | 12.9
Conjurations   | 6 7 8 9 10 | 10.9

Action                   |  1- 3 |  4- 6 |  7- 9 | 10-12 | 13-15 | 16-18 || total
-------------------------+-------+-------+-------+-------+-------+-------++-------
Melee: Spear             |   139 |    26 |       |       |       |       ||   165
       Bite              |     8 |    18 |    25 |    81 |   141 |    21 ||   294
       Dagger            |       |   185 |   257 |   277 |       |       ||   719
       Punch             |       |     5 |     8 |    32 |    30 |       ||    75
       Staff             |       |       |       |   274 |   159 |       ||   433
       Unarmed           |       |       |       |     1 |       |       ||     1
       Demon blade       |       |       |       |       |   621 |   202 ||   823
Throw: Throwing net      |       |       |       |       |     1 |       ||     1
 Cast: Hailstorm         |     2 |    39 |    80 |    90 |    18 |       ||   229
       Call Canine Famil |       |     4 |    15 |    26 |     5 |       ||    50
       Blink             |       |       |       |     3 |     5 |     3 ||    11
       Fireball          |       |       |       |   102 |   399 |   101 ||   602
       Passwall          |       |       |       |       |     3 |       ||     3
       Lee's Rapid Decon |       |       |       |       |       |    19 ||    19
       Irradiate         |       |       |       |       |       |     2 ||     2
Invok: Call Merchant     |       |       |       |       |     2 |     2 ||     4
       Potion Petition   |       |       |       |       |     1 |       ||     1
Evoke: Wand              |       |       |       |     5 |     5 |     2 ||    12
       Condenser vane    |       |       |       |       |     1 |       ||     1
  Use: Scroll            |     1 |     6 |     6 |    11 |    10 |     1 ||    35
       Potion            |       |     3 |     1 |       |     3 |     2 ||     9
 Stab: Sleeping          |     1 |     3 |     1 |     1 |     3 |       ||     9
       Distracted        |       |       |     1 |    10 |     3 |     1 ||    15
       Invisible         |       |       |       |       |     3 |     6 ||     9
Armor: Leather armour    |    27 |    58 |    85 |       |       |       ||   170
       Steam dragon scal |       |       |       |   200 |   189 |       ||   389
       Robe              |       |       |       |       |    31 |    38 ||    69
Dodge: Dodged            |    64 |   110 |   121 |   388 |   513 |   157 ||  1353
Block: Other             |     8 |    27 |    62 |   132 |    48 |       ||   277
       Reflection        |       |     1 |       |     7 |    13 |     3 ||    24
       Buckler           |       |       |       |       |   258 |   129 ||   387

Levels and vault maps discovered:
D:1:      dpeg_arrival_connections, layout_loops_ring
D:2:      minmay_recursive_quarters, layout_basic, basic_altar, uniq_terence,
          uniq_robin
D:3:      layout_loops_ring, slow_altar_2,
          chequers_ecumenical_altar_simple_redux
D:4:      layout_cave_pools, okawaru_ov_weapons_minmay,
          minmay_temple_entry_large_hall, serial_column_ruins,
          column_ruins_hut_water, column_ruins_grid_3, column_ruins_open_large,
          column_ruins_open_small, column_ruins_columns_T,
          column_ruins_open_small, column_ruins_open_small,
          column_ruins_open_small, uniq_menkaure
D:5:      layout_basic, serial_glass, glass_columns_a, glass_columns_c,
          item_on_display_a, feat_on_display
D:6:      layout_basic, mrwooster_statue_mirror, kennysheep_dice
D:7:      layout_loops_ring, nicolae_overflow_hidden_temple, enter_bailey_8,
          nicolae_shop_fire_sale [nicolae_sub_dead_trees], uniq_pikel
D:8:      layout_cave_pools, kennysheep_little_box, lemuel_round_altar,
          grunt_temple_overflow_open
D:9:      layout_basic, fedhas_altar_fruit_tree, hellmonk_ghost_big_iron
D:10:     layout_irregular_city, mainiacjoe_overflow_big_doors,
          dpeg_oklobed_lair, david_orc_3
D:11:     layout_stronghold, uniq_psyche
D:12:     layout_roguey, ploomutoo_gammafunk_ghost_potion_laboratory,
          uniq_erolcha
D:13:     layout_loops_ring, portal_ice_cave_entry_ice_simulacra
D:14:     erik_rubicon_a, layout_basic, hangedman_vaults_entry_quadrant_bands,
          gauntlet_entry_generic, minmay_misc_feat_five,
          nicolae_vehumet_radiance
D:15:     hangedman_depths_entry_civil_slaughter, layout_stronghold,
          serial_shops, shop, gammafunk_ghost_hydra_chop
Temple:   nicolae_temple_no_exploring_needed
Lair:1:   layout_misc_corridors, chequers_serial_rivers_small_a
Lair:2:   layout_misc_corridors, shoals_dummy_entry,
          nicolae_spider_entry_non_spiders
Lair:3:   layout_loops_ring, enter_volcano_3, chequers_serial_rivers_micro_b
Lair:4:   layout_big_grid, slime_entry_2, lemuel_fruit_tree, grunt_megastairs_3,
          uniq_sonja, uniq_nessos
Lair:5:   grunt_lair_end_beastmaster, layout_regular_city
Spider:1: layout_cave_pods
Orc:1:    layout_diamond_mine
Orc:2:    st_orc_congregation, layout_caves

Notes
Turn   | Place    | Note
-------+----------+-------------------------------------------
     0 | D:1      | nago the Gnoll Reaver began the quest for the Orb.
     0 | D:1      | Reached XP level 1. HP: 20/20 MP: 6/6
   155 | D:1      | Reached XP level 2. HP: 26/26 MP: 7/7
   713 | D:1      | Reached skill level 5 in Spellcasting
   713 | D:1      | Reached XP level 3. HP: 31/31 MP: 7/9
   754 | D:1      | Learned a level 3 spell: Hailstorm
   886 | D:2      | Reached skill level 1 in Invocations
   983 | D:2      | Reached skill level 1 in Short Blades
   983 | D:2      | Reached skill level 1 in Long Blades
   983 | D:2      | Reached skill level 1 in Axes
   983 | D:2      | Reached skill level 1 in Maces & Flails
   983 | D:2      | Reached skill level 1 in Staves
   983 | D:2      | Reached skill level 1 in Ranged Weapons
   983 | D:2      | Reached skill level 1 in Throwing
   983 | D:2      | Reached skill level 1 in Armour
   983 | D:2      | Reached skill level 1 in Stealth
   983 | D:2      | Reached skill level 1 in Shields
   983 | D:2      | Reached skill level 1 in Unarmed Combat
   983 | D:2      | Reached skill level 1 in Evocations
  1034 | D:2      | Reached XP level 4. HP: 38/38 MP: 11/11
  1069 | D:2      | Learned a level 2 spell: Blink
  1086 | D:2      | Noticed Robin
  1093 | D:2      | Killed Robin
  1136 | D:2      | Reached skill level 1 in Hexes
  1136 | D:2      | Reached skill level 1 in Summonings
  1136 | D:2      | Reached skill level 1 in Necromancy
  1136 | D:2      | Reached skill level 1 in Translocations
  1136 | D:2      | Reached skill level 1 in Transmutations
  1136 | D:2      | Reached skill level 1 in Fire Magic
  1136 | D:2      | Reached skill level 1 in Ice Magic
  1136 | D:2      | Reached skill level 1 in Air Magic
  1136 | D:2      | Reached skill level 1 in Earth Magic
  1136 | D:2      | Reached skill level 1 in Poison Magic
  1249 | D:2      | Noticed Terence
  1280 | D:2      | Killed Terence
  1499 | D:2      | Found a radiant altar of Vehumet.
  1506 | D:2      | Reached XP level 5. HP: 43/43 MP: 12/12
  2001 | D:3      | Found a faded altar of an unknown god.
  2232 | D:3      | Got Uqog's Folio of Fire and Lightning
  2474 | D:3      | Found a snail-covered altar of Cheibriados.
  2773 | D:4      | Found an iron altar of Okawaru.
  2802 | D:4      | You fall into a shaft and drop 3 floors!
  2931 | D:7      | Reached skill level 2 in Invocations
  2959 | D:7      | Found a flagged portal.
  2971 | D:7      | Learned a level 3 spell: Call Canine Familiar
  2972 | Bailey   | Entered a bailey
  2998 | Bailey   | Reached XP level 6. HP: 50/50 MP: 9/13
  3207 | Bailey   | Reached skill level 5 in Fighting
  3207 | Bailey   | Reached skill level 5 in Dodging
  3231 | Bailey   | Reached skill level 2 in Short Blades
  3231 | Bailey   | Reached skill level 2 in Long Blades
  3231 | Bailey   | Reached skill level 2 in Axes
  3231 | Bailey   | Reached skill level 2 in Maces & Flails
  3231 | Bailey   | Reached skill level 2 in Staves
  3231 | Bailey   | Reached skill level 2 in Ranged Weapons
  3231 | Bailey   | Reached skill level 2 in Throwing
  3231 | Bailey   | Reached skill level 2 in Armour
  3231 | Bailey   | Reached skill level 2 in Stealth
  3231 | Bailey   | Reached skill level 2 in Shields
  3231 | Bailey   | Reached skill level 2 in Unarmed Combat
  3231 | Bailey   | Reached skill level 2 in Evocations
  4252 | Bailey   | Noticed a gargoyle
  4406 | Bailey   | Reached skill level 7 in Polearms
  4406 | Bailey   | Reached XP level 7. HP: 56/56 MP: 11/15
  4407 | Bailey   | Reached skill level 2 in Hexes
  4407 | Bailey   | Reached skill level 2 in Summonings
  4407 | Bailey   | Reached skill level 2 in Necromancy
  4407 | Bailey   | Reached skill level 2 in Translocations
  4407 | Bailey   | Reached skill level 2 in Transmutations
  4407 | Bailey   | Reached skill level 2 in Fire Magic
  4407 | Bailey   | Reached skill level 2 in Ice Magic
  4407 | Bailey   | Reached skill level 2 in Air Magic
  4407 | Bailey   | Reached skill level 2 in Earth Magic
  4407 | Bailey   | Reached skill level 2 in Poison Magic
  4412 | Bailey   | Reached skill level 3 in Invocations
  4785 | D:6      | Noticed a gargoyle
  4794 | D:5      | Entered Level 5 of the Dungeon
  4902 | D:5      | Reached skill level 6 in Conjurations
  4959 | D:5      | Reached skill level 3 in Short Blades
  4959 | D:5      | Reached skill level 3 in Long Blades
  4959 | D:5      | Reached skill level 3 in Axes
  4959 | D:5      | Reached skill level 3 in Maces & Flails
  4959 | D:5      | Reached skill level 3 in Staves
  4959 | D:5      | Reached skill level 3 in Ranged Weapons
  4959 | D:5      | Reached skill level 3 in Throwing
  4959 | D:5      | Reached skill level 3 in Armour
  4959 | D:5      | Reached skill level 3 in Stealth
  4959 | D:5      | Reached skill level 3 in Shields
  4959 | D:5      | Reached skill level 3 in Unarmed Combat
  4959 | D:5      | Reached skill level 3 in Evocations
  4959 | D:5      | Reached XP level 8. HP: 45/63 MP: 3/16
  5094 | D:5      | Reached skill level 6 in Spellcasting
  5206 | D:4      | Found a staircase to the Ecumenical Temple.
  5385 | Temple   | Entered the Ecumenical Temple
  5680 | D:4      | Noticed Menkaure
  5695 | D:4      | Killed Menkaure
  5696 | D:4      | Reached skill level 3 in Hexes
  5696 | D:4      | Reached skill level 3 in Summonings
  5696 | D:4      | Reached skill level 3 in Necromancy
  5696 | D:4      | Reached skill level 3 in Translocations
  5696 | D:4      | Reached skill level 3 in Transmutations
  5696 | D:4      | Reached skill level 3 in Fire Magic
  5696 | D:4      | Reached skill level 3 in Ice Magic
  5696 | D:4      | Reached skill level 3 in Air Magic
  5696 | D:4      | Reached skill level 3 in Earth Magic
  5696 | D:4      | Reached skill level 3 in Poison Magic
  5696 | D:4      | Reached skill level 4 in Invocations
  6011 | D:4      | Reached skill level 6 in Fighting
  6011 | D:4      | Reached skill level 6 in Dodging
  6116 | D:4      | Identified a scroll of acquirement
  6120 | D:4      | Acquired the +3 cloak "Asocut" {Str+3 SInv}
  6857 | D:5      | Reached XP level 9. HP: 64/69 MP: 8/18
  7095 | D:5      | Reached skill level 4 in Short Blades
  7095 | D:5      | Reached skill level 4 in Long Blades
  7095 | D:5      | Reached skill level 4 in Axes
  7095 | D:5      | Reached skill level 4 in Maces & Flails
  7095 | D:5      | Reached skill level 4 in Staves
  7095 | D:5      | Reached skill level 4 in Ranged Weapons
  7095 | D:5      | Reached skill level 4 in Throwing
  7095 | D:5      | Reached skill level 4 in Armour
  7095 | D:5      | Reached skill level 4 in Stealth
  7095 | D:5      | Reached skill level 4 in Shields
  7095 | D:5      | Reached skill level 4 in Unarmed Combat
  7095 | D:5      | Reached skill level 4 in Evocations
  8251 | D:7      | Noticed Pikel
  8277 | D:6      | Killed Pikel
  8278 | D:6      | Reached skill level 8 in Polearms
  8278 | D:6      | Reached skill level 5 in Invocations
  8413 | D:7      | Reached skill level 7 in Spellcasting
  8797 | D:7      | Found Xuin Onn's Fire Supplies.
  8878 | D:7      | Reached skill level 4 in Hexes
  8878 | D:7      | Reached skill level 4 in Summonings
  8878 | D:7      | Reached skill level 4 in Necromancy
  8878 | D:7      | Reached skill level 4 in Translocations
  8878 | D:7      | Reached skill level 4 in Transmutations
  8878 | D:7      | Reached skill level 4 in Fire Magic
  8878 | D:7      | Reached skill level 4 in Ice Magic
  8878 | D:7      | Reached skill level 4 in Air Magic
  8878 | D:7      | Reached skill level 4 in Earth Magic
  8878 | D:7      | Reached skill level 4 in Poison Magic
  9373 | D:8      | Reached skill level 5 in Short Blades
  9373 | D:8      | Reached skill level 5 in Long Blades
  9373 | D:8      | Reached skill level 5 in Axes
  9373 | D:8      | Reached skill level 5 in Maces & Flails
  9373 | D:8      | Reached skill level 5 in Staves
  9373 | D:8      | Reached skill level 5 in Ranged Weapons
  9373 | D:8      | Reached skill level 5 in Throwing
  9373 | D:8      | Reached skill level 5 in Armour
  9373 | D:8      | Reached skill level 5 in Stealth
  9373 | D:8      | Reached skill level 5 in Shields
  9373 | D:8      | Reached skill level 5 in Unarmed Combat
  9373 | D:8      | Reached skill level 5 in Evocations
  9373 | D:8      | Reached XP level 10. HP: 73/77 MP: 11/20
  9554 | D:8      | Found a shadowy altar of Dithmenos.
  9605 | D:8      | Reached skill level 7 in Conjurations
  9615 | D:8      | Reached skill level 7 in Fighting
  9615 | D:8      | Reached skill level 7 in Dodging
  9743 | D:7      | Found an opulent altar of Gozag.
  9751 | D:7      | Became a worshipper of Gozag Ym Sagoz the Greedy
 10003 | D:8      | Found an ornate altar of the Wu Jian Council.
 10086 | D:8      | Found a burning altar of Makhleb.
 10111 | D:8      | Found a hide-covered altar of Uskayaw.
 10249 | D:9      | Noticed a cyclops
 10250 | D:9      | Noticed a two-headed ogre
 10316 | D:9      | Killed a two-headed ogre
 10317 | D:9      | Reached skill level 6 in Invocations
 10431 | D:9      | Noticed ma3's ghost (novice KoBr)
 10459 | D:9      | Killed a cyclops
 10968 | D:9      | Found a blossoming altar of Fedhas.
 11089 | D:9      | Found a runed translucent door.
 11898 | D:10     | Entered Level 10 of the Dungeon
 11916 | D:10     | Noticed a two-headed ogre
 11928 | D:10     | Killed a two-headed ogre
 11929 | D:10     | Reached skill level 6 in Short Blades
 11929 | D:10     | Reached skill level 6 in Long Blades
 11929 | D:10     | Reached skill level 6 in Axes
 11929 | D:10     | Reached skill level 6 in Maces & Flails
 11929 | D:10     | Reached skill level 9 in Polearms
 11929 | D:10     | Reached skill level 6 in Staves
 11929 | D:10     | Reached skill level 6 in Ranged Weapons
 11929 | D:10     | Reached skill level 6 in Throwing
 11929 | D:10     | Reached skill level 6 in Armour
 11929 | D:10     | Reached skill level 6 in Stealth
 11929 | D:10     | Reached skill level 6 in Shields
 11929 | D:10     | Reached skill level 6 in Unarmed Combat
 11929 | D:10     | Reached skill level 8 in Spellcasting
 11929 | D:10     | Reached skill level 5 in Hexes
 11929 | D:10     | Reached skill level 5 in Summonings
 11929 | D:10     | Reached skill level 5 in Necromancy
 11929 | D:10     | Reached skill level 5 in Translocations
 11929 | D:10     | Reached skill level 5 in Transmutations
 11929 | D:10     | Reached skill level 5 in Fire Magic
 11929 | D:10     | Reached skill level 5 in Ice Magic
 11929 | D:10     | Reached skill level 5 in Air Magic
 11929 | D:10     | Reached skill level 5 in Earth Magic
 11929 | D:10     | Reached skill level 5 in Poison Magic
 11929 | D:10     | Reached skill level 6 in Evocations
 11929 | D:10     | Reached XP level 11. HP: 73/85 MP: 16/23
 12058 | D:10     | Found a hazy altar of Hepliaklqana.
 12510 | D:10     | Found a staircase to the Lair.
 12568 | D:10     | Reached skill level 7 in Invocations
 12583 | D:10     | Reached skill level 8 in Fighting
 12583 | D:10     | Reached skill level 8 in Dodging
 12698 | D:10     | Found a staircase to the Orcish Mines.
 12900 | D:10     | Found an ancient bone altar of Kikubaaqudgha.
 13890 | D:7      | Bought Sif Muna's Commentary on Kindling for 650 gold
                  | pieces
 13890 | D:7      | Bought a staff of fire for 325 gold pieces
 13897 | D:7      | Learned a level 5 spell: Fireball
 13991 | D:11     | Noticed Psyche
 14297 | D:10     | Killed Psyche
 15004 | D:11     | Reached skill level 8 in Conjurations
 15468 | D:11     | Noticed a cyclops
 15480 | D:11     | Killed a cyclops
 15740 | D:11     | Noticed a boulder beetle
 15840 | D:11     | Reached skill level 7 in Short Blades
 15840 | D:11     | Reached skill level 7 in Long Blades
 15840 | D:11     | Reached skill level 7 in Axes
 15840 | D:11     | Reached skill level 7 in Maces & Flails
 15840 | D:11     | Reached skill level 7 in Staves
 15840 | D:11     | Reached skill level 7 in Ranged Weapons
 15840 | D:11     | Reached skill level 7 in Throwing
 15840 | D:11     | Reached skill level 7 in Armour
 15840 | D:11     | Reached skill level 7 in Stealth
 15840 | D:11     | Reached skill level 7 in Shields
 15840 | D:11     | Reached skill level 7 in Unarmed Combat
 15840 | D:11     | Reached skill level 7 in Evocations
 16247 | D:11     | Killed a boulder beetle
 16248 | D:11     | Reached XP level 12. HP: 93/94 MP: 5/24
 16648 | D:12     | Reached skill level 6 in Hexes
 16648 | D:12     | Reached skill level 6 in Summonings
 16648 | D:12     | Reached skill level 6 in Necromancy
 16648 | D:12     | Reached skill level 6 in Translocations
 16648 | D:12     | Reached skill level 6 in Transmutations
 16648 | D:12     | Reached skill level 6 in Fire Magic
 16648 | D:12     | Reached skill level 6 in Ice Magic
 16648 | D:12     | Reached skill level 6 in Air Magic
 16648 | D:12     | Reached skill level 6 in Earth Magic
 16648 | D:12     | Reached skill level 6 in Poison Magic
 16811 | D:12     | Reached skill level 8 in Invocations
 17041 | D:12     | Noticed Erolcha
 17147 | D:12     | Found a runed translucent gate.
 17150 | D:12     | Found a runed translucent gate.
 17151 | D:12     | Found a runed translucent gate.
 17230 | D:12     | Reached skill level 9 in Spellcasting
 17564 | D:12     | You are cast into the Abyss!
 17564 | Abyss:2  | Cast into level 2 of the Abyss (Erolcha)
 17644 | Abyss:3  | Noticed a naga warrior
 17678 | Abyss:3  | Reached skill level 10 in Polearms
 17688 | D:12     | You pass through the gate.
 17688 | D:12     | Escaped the Abyss
 17690 | D:12     | Killed Erolcha
 18441 | D:13     | Found a frozen archway.
 18449 | D:13     | Reached skill level 9 in Fighting
 18449 | D:13     | Reached skill level 9 in Dodging
 18578 | IceCv    | Entered an ice cave
 18669 | IceCv    | Noticed a death yak
 18677 | IceCv    | Noticed a death yak
 18684 | IceCv    | Killed a death yak
 18691 | IceCv    | Killed a death yak
 19104 | IceCv    | Reached skill level 8 in Short Blades
 19104 | IceCv    | Reached skill level 8 in Long Blades
 19104 | IceCv    | Reached skill level 8 in Axes
 19104 | IceCv    | Reached skill level 8 in Maces & Flails
 19104 | IceCv    | Reached skill level 8 in Staves
 19104 | IceCv    | Reached skill level 8 in Ranged Weapons
 19104 | IceCv    | Reached skill level 8 in Throwing
 19104 | IceCv    | Reached skill level 8 in Armour
 19104 | IceCv    | Reached skill level 8 in Stealth
 19104 | IceCv    | Reached skill level 8 in Shields
 19104 | IceCv    | Reached skill level 8 in Unarmed Combat
 19104 | IceCv    | Reached skill level 8 in Evocations
 19495 | IceCv    | Noticed a death yak
 19535 | IceCv    | Noticed a death yak
 19537 | IceCv    | Killed a death yak
 19717 | IceCv    | Reached XP level 13. HP: 96/101 MP: 26/26
 20000 | IceCv    | Reached skill level 9 in Invocations
 20191 | IceCv    | Noticed a frost giant
 20378 | IceCv    | Killed a frost giant
 20379 | IceCv    | Reached skill level 9 in Conjurations
 20379 | IceCv    | Reached skill level 7 in Hexes
 20379 | IceCv    | Reached skill level 7 in Summonings
 20379 | IceCv    | Reached skill level 7 in Necromancy
 20379 | IceCv    | Reached skill level 7 in Translocations
 20379 | IceCv    | Reached skill level 7 in Transmutations
 20379 | IceCv    | Reached skill level 7 in Fire Magic
 20379 | IceCv    | Reached skill level 7 in Ice Magic
 20379 | IceCv    | Reached skill level 7 in Air Magic
 20379 | IceCv    | Reached skill level 7 in Earth Magic
 20379 | IceCv    | Reached skill level 7 in Poison Magic
 20952 | Lair:1   | Entered Level 1 of the Lair of Beasts
 21573 | Lair:1   | Reached skill level 10 in Spellcasting
 22194 | D:8      | Killed ma3's ghost
 22460 | D:9      | Got the Anthology of the Caves
 22464 | D:9      | Learned a level 2 spell: Passwall
 22782 | D:5      | Got the Codex of Fetching Rime
 23420 | Lair:2   | Reached skill level 10 in Fighting
 23420 | Lair:2   | Reached skill level 11 in Polearms
 23420 | Lair:2   | Reached skill level 10 in Dodging
 23776 | Lair:2   | Identified the +9 plate armour of Oblivion {Regen+ rCorr}
 24019 | Lair:2   | Found a hole to the Spider Nest.
 24024 | Lair:2   | Found a staircase to the Shoals.
 24268 | Lair:2   | Identified the +3 arbalest of the Fool {drain, rC++ Dex+3}
 24365 | Lair:2   | Reached skill level 9 in Short Blades
 24365 | Lair:2   | Reached skill level 9 in Long Blades
 24365 | Lair:2   | Reached skill level 9 in Axes
 24365 | Lair:2   | Reached skill level 9 in Maces & Flails
 24365 | Lair:2   | Reached skill level 9 in Staves
 24365 | Lair:2   | Reached skill level 9 in Ranged Weapons
 24365 | Lair:2   | Reached skill level 9 in Throwing
 24365 | Lair:2   | Reached skill level 9 in Armour
 24365 | Lair:2   | Reached skill level 9 in Stealth
 24365 | Lair:2   | Reached skill level 9 in Shields
 24365 | Lair:2   | Reached skill level 9 in Unarmed Combat
 24365 | Lair:2   | Reached skill level 9 in Evocations
 25082 | Lair:3   | Found a dark tunnel.
 25106 | Volcano  | Entered a volcano
 25408 | Volcano  | Reached XP level 14. HP: 47/110 MP: 28/28
 25766 | Volcano  | Reached skill level 10 in Invocations
 27016 | Lair:4   | Noticed Sonja
 27023 | Lair:4   | Killed Sonja
 27580 | Lair:4   | Found a runed translucent door.
 27580 | Lair:4   | Found a viscous altar of Jiyva.
 27580 | Lair:4   | Noticed an azure jelly
 27604 | Lair:4   | Noticed an azure jelly
 27605 | Lair:4   | Found a staircase to the Slime Pits.
 27644 | Lair:4   | Noticed Nessos
 27649 | Lair:4   | Killed Nessos
 28002 | Lair:4   | Reached skill level 8 in Hexes
 28002 | Lair:4   | Reached skill level 8 in Summonings
 28002 | Lair:4   | Reached skill level 8 in Necromancy
 28002 | Lair:4   | Reached skill level 8 in Translocations
 28002 | Lair:4   | Reached skill level 8 in Transmutations
 28002 | Lair:4   | Reached skill level 8 in Fire Magic
 28002 | Lair:4   | Reached skill level 8 in Ice Magic
 28002 | Lair:4   | Reached skill level 8 in Air Magic
 28002 | Lair:4   | Reached skill level 8 in Earth Magic
 28002 | Lair:4   | Reached skill level 8 in Poison Magic
 29253 | Lair:5   | Entered Level 5 of the Lair of Beasts
 29509 | Lair:5   | Reached skill level 11 in Spellcasting
 30156 | Lair:5   | Reached skill level 10 in Conjurations
 30367 | Lair:5   | Reached skill level 11 in Fighting
 30367 | Lair:5   | Reached skill level 11 in Dodging
 30376 | Lair:5   | Reached skill level 10 in Short Blades
 30376 | Lair:5   | Reached skill level 10 in Long Blades
 30376 | Lair:5   | Reached skill level 10 in Axes
 30376 | Lair:5   | Reached skill level 10 in Maces & Flails
 30376 | Lair:5   | Reached skill level 10 in Staves
 30376 | Lair:5   | Reached skill level 10 in Ranged Weapons
 30376 | Lair:5   | Reached skill level 10 in Throwing
 30376 | Lair:5   | Reached skill level 10 in Armour
 30376 | Lair:5   | Reached skill level 10 in Stealth
 30376 | Lair:5   | Reached skill level 10 in Shields
 30376 | Lair:5   | Reached skill level 10 in Unarmed Combat
 30376 | Lair:5   | Reached skill level 10 in Evocations
 31475 | Lair:5   | Reached skill level 11 in Invocations
 31475 | Lair:5   | Reached XP level 15. HP: 63/118 MP: 9/30
 31819 | D:13     | Reached skill level 12 in Polearms
 34244 | D:14     | Found a gate leading to a gauntlet.
 34257 | Gauntlet | Entered a Gauntlet
 34257 | Gauntlet | Found a transporter.
 34257 | Gauntlet | Found a transporter.
 34261 | Gauntlet | Found a transporter.
 34261 | Gauntlet | Found a transporter.
 34270 | Gauntlet | Found a transporter.
 34283 | Gauntlet | Found a transporter.
 34289 | Gauntlet | Found a large runed translucent door.
 34290 | Gauntlet | Found a large runed translucent door.
 34292 | Gauntlet | Found a runed translucent gate.
 34293 | Gauntlet | Found a transporter.
 34293 | Gauntlet | Found a transporter.
 34293 | Gauntlet | Found a runed translucent gate.
 34294 | Gauntlet | Found a runed translucent gate.
 34295 | Gauntlet | Found the +1 cloak of Starlight {*Dazzle EV+4 Stlth--}
 34296 | Gauntlet | Found a large runed translucent door.
 34297 | Gauntlet | Found a large runed translucent door.
 34309 | Gauntlet | Found a large runed translucent door.
 34309 | Gauntlet | Found a large runed translucent door.
 34310 | Gauntlet | Found a large runed translucent door.
 34310 | Gauntlet | Found a large runed translucent door.
 34317 | Gauntlet | Found a transporter.
 34320 | Gauntlet | Found a large runed translucent door.
 34320 | Gauntlet | Found a large runed translucent door.
 34320 | Gauntlet | Found a runed translucent door.
 34320 | Gauntlet | Found a runed translucent door.
 34321 | Gauntlet | Found a large runed translucent door.
 34322 | Gauntlet | Found a large runed translucent door.
 34324 | Gauntlet | Found a transporter.
 34338 | Gauntlet | Found a transporter.
 34362 | Gauntlet | Found a transporter.
 34397 | Gauntlet | Found a transporter.
 34413 | Gauntlet | Found a transporter.
 34430 | Gauntlet | Found a large runed translucent door.
 34430 | Gauntlet | Found a large runed translucent door.
 34431 | Gauntlet | Found a large runed translucent door.
 34432 | Gauntlet | Found a large runed translucent door.
 34518 | Gauntlet | Found a transporter.
 34532 | Gauntlet | Found a transporter.
 35882 | D:14     | Identified a +1 robe of the Archmagi
 36264 | D:14     | Identified the +0 scale mail of Repulsion {Rampage Will+++
                  | rCorr Dex-5}
 36906 | D:14     | Found a gate to the Vaults.
 37193 | D:14     | HP: 7/119 [molten gargoyle/+0 mace (13)]
 37451 | D:14     | Found a radiant altar of Vehumet.
 37960 | D:14     | Reached skill level 9 in Hexes
 37960 | D:14     | Reached skill level 9 in Summonings
 37960 | D:14     | Reached skill level 9 in Necromancy
 37960 | D:14     | Reached skill level 9 in Translocations
 37960 | D:14     | Reached skill level 9 in Transmutations
 37960 | D:14     | Reached skill level 9 in Fire Magic
 37960 | D:14     | Reached skill level 9 in Ice Magic
 37960 | D:14     | Reached skill level 9 in Air Magic
 37960 | D:14     | Reached skill level 9 in Earth Magic
 37960 | D:14     | Reached skill level 9 in Poison Magic
 38219 | D:15     | Entered Level 15 of the Dungeon
 38750 | D:15     | Found a runed translucent gate.
 38750 | D:15     | Found a runed translucent gate.
 38751 | D:15     | Found a runed translucent gate.
 38753 | D:15     | Noticed Chingon's ghost (journeyman MiBe)
 39538 | D:15     | Found a staircase to the Depths.
 39730 | D:15     | Found Numnupo's Weapon Shop.
 40233 | Lair:1   | Learned a level 5 spell: Lee's Rapid Deconstruction
 40259 | Orc:1    | Entered Level 1 of the Orcish Mines
 40322 | D:10     | Reached skill level 12 in Spellcasting
 40322 | D:10     | Reached XP level 16. HP: 121/127 MP: 9/32
 41205 | Orc:2    | Entered Level 2 of the Orcish Mines
 41272 | Orc:2    | Reached skill level 11 in Short Blades
 41272 | Orc:2    | Reached skill level 11 in Long Blades
 41272 | Orc:2    | Reached skill level 11 in Axes
 41272 | Orc:2    | Reached skill level 11 in Maces & Flails
 41272 | Orc:2    | Reached skill level 11 in Staves
 41272 | Orc:2    | Reached skill level 11 in Ranged Weapons
 41272 | Orc:2    | Reached skill level 11 in Throwing
 41272 | Orc:2    | Reached skill level 11 in Armour
 41272 | Orc:2    | Reached skill level 11 in Stealth
 41272 | Orc:2    | Reached skill level 11 in Shields
 41272 | Orc:2    | Reached skill level 11 in Unarmed Combat
 41272 | Orc:2    | Reached skill level 11 in Evocations
 42277 | Orc:2    | Reached skill level 12 in Invocations
 42766 | Orc:1    | Reached skill level 12 in Fighting
 42766 | Orc:1    | Reached skill level 12 in Dodging
 43758 | Orc:2    | Found Nucroarho's Antique Armour Emporium.
 43759 | Orc:2    | Found Qaamyaroak's Antique Weapon Emporium.
 43761 | Orc:2    | Found Xablaeq's General Store.
 43761 | Orc:2    | Found Gesykk's Jewellery Shoppe.
 43766 | Orc:2    | Bought a potion of brilliance for 56 gold pieces
 43766 | Orc:2    | Bought a potion of heal wounds for 70 gold pieces
 44137 | Orc:2    | Found a staircase to the Elven Halls.
 44747 | D:7      | Bought a +2 pair of gloves of fire resistance for 279 gold
                  | pieces
 44853 | Lair:1   | Bought the amulet "Xoiserr" {Acrobat rCorr Slay+4} for 891
                  | gold pieces
 44941 | Orc:2    | Bought the ring "Siakik" {*Corrode rF+ rC+ Str+6 Int+4} for
                  | 897 gold pieces
 45031 | Lair:1   | Learned a level 5 spell: Irradiate
 45038 | Lair:1   | Learned a level 6 spell: Iron Shot
 45079 | Spider:1 | Entered Level 1 of the Spider Nest
 45510 | Spider:1 | Blown up by an orb spider

Vanquished Creatures
  A frost giant (IceCv)
  A fire giant (D:9)
  Nessos (Lair:4)
  A minotaur (Gauntlet)
  3 ettins
  An entropy weaver (Spider:1)
  7 hydras
  Erolcha (D:12)
  3 centaur warriors
  A hell beast (Gauntlet)
  6 catoblepae
  4 two-headed ogres
  A deep troll shaman (Lair:5)
  4 boulder beetles
  13 death yaks
  2 tengu warriors (D:15)
  3 orc high priests
  Sonja (Lair:4)
  A deep elf knight (D:14)
  A pharaoh ant (Spider:1)
  An orb spider (Spider:1)
  A steelbarb worm (Spider:1)
  2 deep trolls
  Pikel (D:6)
  5 orc knights
  A deep elf zephyrmancer (D:14)
  2 lindwurms (Volcano)
  2 necromancers (D:15)
  3 deep elf pyromancers
  4 ugly things
  4 orc sorcerers
  A wolf spider (Spider:1)
  3 cyclopes
  3 manticores
  2 moths of wrath
  6 molten gargoyles
  An ice statue (IceCv)
  7 elephants
  4 black mambas
  A gargoyle (D:6)
  12 cane toads
  3 efreet
  9 rime drakes
  3 kobold demonologists
  An unseen horror (D:11)
  A tengu conjurer (D:15)
  10 komodo dragons
  An ice devil (Abyss:3)
  3 meliai (D:13)
  7 trolls
  A tarantella (Spider:1)
  7 polar bears
  9 slime creatures
  11 blink frogs
  3 jumping spiders (Spider:1)
  6 flying skulls (Gauntlet)
  A shadow (D:10)
  A culicivora (Spider:1)
  2 wraiths
  A ynoxinul (D:9)
  65 yaks
  A vampire (D:12)
  3 basilisks
  5 fire elementals
  3 wyverns
  A steam dragon (D:7)
  6 redbacks
  11 vampire mosquitoes
  2 wargs (Orc:1)
  A naga (shapeshifter) (D:13)
  4 acid dragons
  12 water moccasins
  4 hell hounds
  A sky beast (D:7)
  An ice beast (D:8)
  37 orc warriors
  3 black bears
  7 ogres
  13 wolves
  10 centaurs
  2 phantoms (D:5)
  7 kobold brigands
  5 bullfrogs
  A two-headed ogre simulacrum (D:13)
  7 scorpions
  2 necrophages
  2 earth elementals (Volcano)
  A gnoll sergeant (D:13)
  5 wights (D:9)
  22 killer bees
  8 howler monkeys
  7 vampire bats (Bailey)
  4 wolf zombies (Bailey)
  An electric eel (D:6)
  4 lava snakes (D:14)
  29 orc priests
  A gnoll bouda (D:9)
  2 hounds
  4 jellies
  5 iguanas
  Terence (D:2)
  31 orc wizards
  15 hell rats
  2 troll simulacra (D:13)
  A polar bear simulacrum (D:13)
  2 spriggan simulacra (D:13)
  Robin (D:2)
  8 adders
  12 gnolls
  2 naga simulacra (D:13)
  A shadow imp (D:5)
  2 white imps (D:6)
  4 worms
  5 dart slugs
  79 orcs
  12 endoplasms
  7 giant cockroaches
  11 goblins
  12 hobgoblins
  6 jackals
  18 kobolds
  2 quokkas
  3 ball pythons
  5 bats
  4 frilled lizards
  18 orc zombies (Bailey)
  5 rats
780 creatures vanquished.

Vanquished Creatures (collateral kills)
  A death yak (IceCv)
  The ghost of ma3 the Covert, a novice KoBr of Ru (D:8)
  A cyclops (D:9)
  Psyche (D:10)
  A shadow (D:9)
  Menkaure (D:4)
  A black bear (D:6)
  A bullfrog (D:6)
  3 killer bees
  A howler monkey (D:7)
  An orc priest (D:4)
  2 orcs
  An orc zombie (Bailey)
16 creatures vanquished.

Vanquished Creatures (others)
  31 fungi
  53 plants
  14 withered plants (Gauntlet)
98 creatures vanquished.

Grand Total: 894 creatures vanquished

Table legend: (Time is in decaauts)
 A = Elapsed time spent in this place.
 B = Non-inter-level travel time spent in this place.
 C = Inter-level travel time spent in this place.
 D = Time resting spent in this place.
 E = Time spent auto-exploring this place.
 F = Levels seen in this place.
 G = Mean time per level.
                   A        B        C        D        E       F      G
               +--------+--------+--------+--------+--------+-----+--------+
         Total |  45030 |  42705 |   2325 |   2550 |  32545 |  30 | 1501.0 |
       Dungeon |  25597 |  23933 |   1664 |   1083 |  18872 |  15 | 1706.5 |
        Temple |     23 |     23 |      0 |      0 |     15 |   1 |   23.0 |
          Lair |   9095 |   8715 |    380 |      0 |   7262 |   5 | 1819.0 |
   Spider Nest |    422 |    418 |      4 |     54 |    268 |   1 |  422.0 |
  Orcish Mines |   3884 |   3609 |    275 |      0 |   3030 |   2 | 1942.0 |
         Abyss |    123 |    123 |      0 |      0 |      0 |   2 |   61.5 |
        Bailey |   1567 |   1567 |      0 |    503 |    787 |   1 | 1567.0 |
      Ice Cave |   2210 |   2210 |      0 |    403 |   1267 |   1 | 2210.0 |
       Volcano |    810 |    810 |      0 |    507 |    147 |   1 |  810.0 |
      Gauntlet |   1296 |   1296 |      0 |      0 |    897 |   1 | 1296.0 |
               +--------+--------+--------+--------+--------+-----+--------+

Top non-repeatable levels by time:
    D:14: 3001 daAuts
     D:9: 2804 daAuts
    D:10: 2422 daAuts
  Lair:5: 2408 daAuts
   IceCv: 2210 daAuts
    D:11: 2206 daAuts
    D:13: 2176 daAuts
   Orc:1: 2165 daAuts
  Lair:4: 2079 daAuts
    D:12: 2074 daAuts
   Orc:2: 1719 daAuts
  Lair:2: 1713 daAuts
    D:15: 1631 daAuts
  Lair:3: 1619 daAuts
  Bailey: 1567 daAuts

Table legend:
 A = Non-vault XP
 B = Vault XP
 C = Vault XP percentage of total XP
 D = Non-vault monster count
 E = Vault monster count
 F = Vault count percentage of total count
                 A         B        C        D         E       F
            +---------+---------+-------+---------+---------+-------
      Total |   91117 |   59216 |  39.4 |     536 |     260 |  32.7
            +---------+---------+-------+---------+---------+-------
        D:1 |      41 |       0 |   0.0 |      25 |       0 |   0.0
        D:2 |      29 |     113 |  79.6 |       8 |      21 |  72.4
        D:3 |     130 |       5 |   3.7 |      18 |       1 |   5.3
        D:4 |     485 |     165 |  25.4 |      27 |       1 |   3.6
        D:5 |     668 |       0 |   0.0 |      17 |       0 |   0.0
        D:6 |     892 |     833 |  48.3 |      10 |       3 |  23.1
        D:7 |     903 |       0 |   0.0 |      20 |       0 |   0.0
        D:8 |    1012 |     781 |  43.6 |      22 |       1 |   4.3
        D:9 |    3396 |    1475 |  30.3 |      33 |       2 |   5.7
       D:10 |    6140 |     702 |  10.3 |      27 |       4 |  12.9
       D:11 |    4725 |       0 |   0.0 |      30 |       0 |   0.0
       D:12 |    4275 |     851 |  16.6 |      21 |       1 |   4.5
       D:13 |   10827 |     269 |   2.4 |      31 |       8 |  20.5
       D:14 |    8107 |    5474 |  40.3 |      23 |      18 |  43.9
       D:15 |    6918 |    3642 |  34.5 |      14 |       5 |  26.3
     Temple |       3 |       0 |   0.0 |       1 |       0 |   0.0
     Lair:1 |    2868 |       0 |   0.0 |      12 |       0 |   0.0
     Lair:2 |    7744 |     351 |   4.3 |      28 |       8 |  22.2
     Lair:3 |    4442 |     302 |   6.4 |      24 |       2 |   7.7
     Lair:4 |   10807 |    2990 |  21.7 |      31 |       7 |  18.4
     Lair:5 |    5722 |    9526 |  62.5 |      21 |      19 |  47.5
   Spider:1 |    5755 |       0 |   0.0 |      13 |       0 |   0.0
      Orc:1 |    1757 |    3442 |  66.2 |      30 |      11 |  26.8
      Orc:2 |    3125 |    6393 |  67.2 |      49 |      58 |  54.2
    Abyss:3 |     346 |       0 |   0.0 |       1 |       0 |   0.0
     Bailey |       0 |     673 | 100.0 |       0 |      30 | 100.0
      IceCv |       0 |   12876 | 100.0 |       0 |      35 | 100.0
    Volcano |       0 |    3662 | 100.0 |       0 |      10 | 100.0
   Gauntlet |       0 |    4691 | 100.0 |       0 |      15 | 100.0
            +---------+---------+-------+---------+---------+-------
